 Dungeon Crawl Stone Soup version 0.31-a0-361-g0f8bd3a31e (webtiles) character file.

Game seed: 78502779417462919

244 Graywind the Shooter (level 5, -1/40 HPs)
             Began as a Demigod Hexslinger on July 27, 2023.
             Succumbed to a scorpion's poison
             ... on level 5 of the Dungeon.
             The game lasted 00:17:26 (1689 turns).

Graywind the Shooter (Demigod Hexslinger)           Turns: 1689, Time: 00:17:26

Health: -1/40      AC:  4    Str:  9    XL:     5   Next: 52%
Magic:  9/10       EV: 13    Int: 15    God:
Gold:   56         SH:  0    Dex: 20    Spells: 4/7 levels left

rFire   . . .        b - +0 flail (holy)
rCold   + . .        (no shield)
rNeg    . . .        e - +2 robe {rC+}
rPois   .            (helmet restricted)
rElec   .            (no cloak)
rCorr   .            (no gloves)
SInv    .            (no boots)
Will    .....        (no amulet)
Stlth   ++           (no ring)
HPRegen 0.26/turn    (no ring)
MPRegen 0.12/turn

%: no passive effects
@: lethally poisoned (-1 -> -5)
A: high MP 1, forlorn, divine attributes, antennae 2
a: no special abilities


You were on level 5 of the Dungeon.
You visited 1 branch of the dungeon, and saw 5 of its levels.

You collected 56 gold pieces.

Inventory:

Hand Weapons
 a - a +1 sling
 b - a +0 flail of holy wrath (weapon)
Missiles
 f - 6 datura-tipped darts
Armour
 e - a +2 robe of cold resistance (worn)
Scrolls
 c - 2 scrolls of teleportation
 d - a scroll of butterflies {unknown}
 g - 2 scrolls of amnesia


   Skills:
 + Level 1.5 Fighting
 + Level 4.5 Ranged Weapons
 + Level 2.4 Dodging
 + Level 1.8 Spellcasting
 + Level 3.0 Hexes
 + Level 0.1 Summonings
 + Level 0.1 Necromancy


You had 4 spell levels left.
You knew the following spells:

 Your Spells              Type           Power      Damage    Failure   Level
a - Slow                  Hex            40%        N/A       7%          1
b - Necrotise             Necr           4%         1d4       22%         1
c - Summon Small Mammal   Summ           4%         N/A       22%         1

Your spell library contained the following spells:

 Spells                   Type           Power      Damage    Failure   Level
 Apportation              Tloc           2%         N/A       22%         1
 Magic Dart               Conj           4%         1d3       22%         1
 Call Imp                 Summ           2%         N/A       32%         2
 Inner Flame              Hex/Fire       5%         N/A       36%         3
 Portal Projectile        Hex/Tloc       10%        N/A       36%         3
 Cause Fear               Hex            5%         N/A       54%         4
 Mephitic Cloud           Conj/Pois/Air  1%         N/A       56%         3


Dungeon Overview and Level Annotations

Branches:
Dungeon (5/15)             Temple (0/1) D:5

Annotations:
D:2 Sigmund
D:4 Blork the orc


Innate Abilities, Weirdness & Mutations

You have an increased reservoir of magic. (+10% MP)
You shall have no god before yourself.
Your divine heritage dramatically boosts your attributes as you level up.
You have a pair of antennae on your head.


Message History

You feel your dexterity returning.
Your Hexes skill increases to level 3!
A scorpion comes into view.
Found 5 gold pieces.
Found a staircase to the Ecumenical Temple.
The scorpion barely misses you.
You barely miss the scorpion. The scorpion barely misses you.
You hit the scorpion.
The scorpion is lightly wounded.
The scorpion barely misses you. x2
You hit the scorpion but do no damage.
The scorpion is lightly wounded.
The scorpion stings you.
You hit the scorpion but do no damage.
The scorpion is lightly wounded.
The scorpion misses you. The scorpion stings you.
* * * LOW HITPOINT WARNING * * *
You closely miss the scorpion.
The scorpion is lightly wounded.
The scorpion stings you.
* * * LOW HITPOINT WARNING * * *
You are lethally poisoned!
The scorpion poisons you! The scorpion barely misses you.
* * * LOW HITPOINT WARNING * * *
You feel very sick.
You aren't carrying any potions.
Unknown command.
Casting: Slow (safe; 7% risk of failure)
Confirm with . or Enter, or press ? or * to list all spells.
Aiming: Slow (safe; 7% risk of failure)
Press: ? - help, Shift-Dir - straight line, f - scorpion
Aim: a scorpion (lightly wounded, chance to affect: 44%)
Okay, then.
Casting: Slow (safe; 7% risk of failure)
Confirm with . or Enter, or press ? or * to list all spells.
* * * LOW HITPOINT WARNING * * *
You feel sick. The scorpion barely misses you.
* * * LOW HITPOINT WARNING * * *
You feel sick.
Your bat barely misses the scorpion.
You die...

...# #.# ....### #
######.# #$..#. .#
#......## #.... .>#
#........ .#
##.>.#####..###..######
... #.....#..........#
#..#...#.bs#..#.##...#
......###....# .....#
#....#.#.#@.## ###..##
#.....#...## #..#
#....#...# #..#
#.......# #..#
####.#.## #..# ###.#
#..####### #.#
#......... #.#
##.####### #.# #.#


You could see a scorpion (ally target) and a friendly bat (summoned).

Vanquished Creatures
  A phantom (D:5)
  A hound (D:3)
  A jelly (D:5)
  Jessica (D:3)
  4 adders
  A dart slug (D:1)
  2 orcs
  5 endoplasms
  5 giant cockroaches
  4 jackals (D:1)
  2 quokkas
  6 ball pythons
  6 bats
  2 frilled lizards
  3 goblins
  5 kobolds
  8 rats
57 creatures vanquished.

Notes
Turn   | Place    | Note
-------+----------+-------------------------------------------
     0 | D:1      | Graywind the Demigod Hexslinger began the quest for the
                  | Orb.
     0 | D:1      | Reached XP level 1. HP: 15/15 MP: 4/4
    70 | D:1      | Reached skill level 2 in Ranged Weapons
   197 | D:1      | Reached XP level 2. HP: 22/22 MP: 6/6
   281 | D:1      | Gained mutation: You occasionally shout uncontrollably at
                  | your foes. [potion of mutation]
   281 | D:1      | Gained mutation: You are agile. (Dex +4, Str/Int -1)
                  | [potion of mutation]
   281 | D:1      | Gained mutation: You are very agile. (Dex +8, Str/Int -2)
                  | [potion of mutation]
   281 | D:1      | Gained mutation: You have a pair of small antennae on your
                  | head. [potion of mutation]
   381 | D:1      | Reached skill level 1 in Fighting
   472 | D:1      | Learned a level 1 spell: Necrotise
   474 | D:1      | Learned a level 1 spell: Summon Small Mammal
   598 | D:2      | Reached XP level 3. HP: 28/28 MP: 7/7
   626 | D:2      | Lost mutation: You occasionally shout uncontrollably at
                  | your foes. [potion of mutation]
   626 | D:2      | Lost mutation: You are very agile. (Dex +8, Str/Int -2)
                  | [potion of mutation]
   626 | D:2      | Lost mutation: You are agile. (Dex +4, Str/Int -1) [potion
                  | of mutation]
   626 | D:2      | Gained mutation: You have a pair of antennae on your head.
                  | [potion of mutation]
   677 | D:2      | Noticed Sigmund
   893 | D:3      | Noticed Jessica
   902 | D:3      | Killed Jessica
   903 | D:3      | Reached skill level 3 in Ranged Weapons
   903 | D:3      | Reached XP level 4. HP: 29/35 MP: 5/8
  1502 | D:4      | Noticed Blork the orc
  1527 | D:5      | Entered Level 5 of the Dungeon
  1639 | D:5      | Reached skill level 4 in Ranged Weapons
  1639 | D:5      | Reached XP level 5. HP: 40/40 MP: 7/9
  1676 | D:5      | Found a staircase to the Ecumenical Temple.
  1687 | D:5      | HP: 2/40 [poisoned by a scorpion]
  1689 | D:5      | Succumbed to a scorpion's poison

Illustrated notes

Levels and vault maps discovered:
D:1:      dpeg_arrival_simpleton_b, layout_basic
D:2:      layout_basic, uniq_sigmund
D:3:      layout_loops_corners, old_standard_altar, lemuel_round_altar,
          worldfamousw_hep_ancestral_shrine, chequers_ecumenical_altar_grove,
          uniq_jessica
D:4:      layout_loops_cross, fedhas_altar_4, portal_sewer_entry_e,
          uniq_blork_the_orc
D:5:      layout_loops_ring, minmay_temple_entry_arrows,
          dilly_guarded_unrand_morg, uniq_edmund

Skill      XL: |  1  2  3  4  5 |
---------------+----------------+-----
Ranged Weapons | 2 3 4 |  4.5
Fighting       | 1 |  1.5
Dodging        | 2 |  2.4
Hexes          | 3 |  3.0
Spellcasting   | |  1.8
Summonings     | |  0.1
Necromancy     | |  0.1

Action                     |  1- 3 |  4- 6 || total
---------------------------+-------+-------++-------
  Melee: Flail             |       |     7 ||     7
   Fire: Sling             |    95 |    75 ||   170
   Cast: Slow              |    11 |     6 ||    17
         Summon Small Mamm |     5 |     4 ||     9
         Necrotise         |     3 |     6 ||     9
    Use: Scroll            |     5 |     1 ||     6
         Potion            |     5 |     3 ||     8
 Armour: Robe              |    14 |    15 ||    29
  Dodge: Dodged            |    33 |    41 ||    74

Table legend: (Time is in decaauts)
 A = Elapsed time spent in this place.
 B = Non-inter-level travel time spent in this place.
 C = Inter-level travel time spent in this place.
 D = Time resting spent in this place.
 E = Time spent auto-exploring this place.
 F = Levels seen in this place.
 G = Mean time per level.
                   A        B        C        D        E       F      G
               +--------+--------+--------+--------+--------+-----+--------+
         Total |   1732 |   1732 |      0 |    105 |      0 |   5 |  346.4 |
       Dungeon |   1732 |   1732 |      0 |    105 |      0 |   5 |  346.4 |
               +--------+--------+--------+--------+--------+-----+--------+

Top non-repeatable levels by time:
     D:3: 779 daAuts
     D:1: 611 daAuts
     D:5: 168 daAuts
     D:2: 133 daAuts
     D:4: 39 daAuts
